 Dungeon Crawl Stone Soup version 0.30-b1-2-g02819fbbbe (webtiles) character file.

Game seed: 9056486605733185038

11 Alarkh the Sneak (level 2, 0/24 HPs)
             Began as a Demonspawn Delver on May 22, 2023.
             Killed by an exploding quokka (22 damage)
             ... ignited by their inner flame
             ... on level 4 of the Dungeon.
             The game lasted 00:01:25 (285 turns).

Alarkh the Sneak (Demonspawn Delver)                 Turns: 285, Time: 00:01:26

Health: 0/24       AC:  4    Str: 12    XL:     2   Next: 17%
Magic:  2/2        EV: 11    Int: 11    God:
Gold:   38         SH:  0    Dex: 14    Spells: 1/1 levels left

rFire   . .          .
                       - Unarmed
rCold   + . .        (no shield)
rNeg    . . .        a - +0 leather armour
rPois   .            (no helmet)
rElec   .            (no cloak)
rCorr   .            (no gloves)
SInv    .            (no boots)
Will    .....        (no amulet)
Stlth   ++           g - ring of protection from cold
HPRegen 0.24/turn    (no ring)
MPRegen 0.08/turn

%: no passive effects
@: no status effects
A: rugged brown scales 1
a: no special abilities


You were on level 4 of the Dungeon.
You visited 1 branch of the dungeon, and saw 2 of its levels.

You collected 38 gold pieces.

Inventory:

Armour
 a - a +0 leather armour (worn)
Jewellery
 g - a ring of protection from cold (left hand)
Wands
 f - a wand of digging (2)
Scrolls
 b - a scroll of fog
 c - a scroll of magic mapping
Potions
 d - a potion of heal wounds {unknown}


   Skills:
 - Level 3.0 Fighting
 - Level 1.7 Dodging
 - Level 4.5 Stealth
 + Level 2.6 Unarmed Combat


You had one spell level left.
You didn't know any spells.
Your spell library was empty.

Dungeon Overview and Level Annotations

Branches:
Dungeon (5/15)
 Temple: D:4-7

Altars:

Shops:
D:5 !


Innate Abilities, Weirdness & Mutations

You are partially covered in rugged brown scales. (AC +1, +3% HP)


Message History

The helpless jackal fails to defend itself.
You hit the jackal.
You kill the jackal!
You have reached level 2!
Your demonic ancestry asserts itself...
Rugged brown scales grow over part of your body.
You see here a jackal corpse.
The helpless jackal fails to defend itself.
You punch the jackal!
You kill the jackal!
The jackal barks!
You hear a howl!
The jackal misses you.
You hit the jackal.
The jackal is moderately wounded.
The jackal barely misses you.
You hit the jackal.
The jackal is severely wounded.
The jackal bites you but does no damage.
You hit the jackal.
You kill the jackal!
A howler monkey comes into view.
You see here a jackal corpse.
The howler monkey hoots and howls with incredible vigour!
You hear an angry hiss.
You hear a bark!
There is a stone staircase leading up here.
You climb upwards.
The quokka bites you.
There is a stone staircase leading down here.
As you read the scroll labelled WUKELLIOCA, it crumbles to dust.
The creatures around you are filled with an inner flame!
It was a scroll of immolation.
The quokka barely misses you.
The iguana bites you but does no damage.
The quokka bites you but does no damage.
You hit the quokka.
Flame seeps out of the quokka.
The quokka is lightly wounded.
The iguana closely misses you.
The quokka is engulfed in blazing flames.
The quokka explodes!
The fiery explosion engulfs you!!
Ouch! That really hurt!
You die...

### #.. #.# #○#
## #@####.).
#####l#...?.$
##...!...#
.......#.)#
###.#.....###.#
# #.###>....#
#. ###.### #.
... ). ....


You could see an iguana (inner flame).

Vanquished Creatures
  A shadow imp (D:5)
  3 jackals (D:5)
  A quokka (D:4)
5 creatures vanquished.

Notes
Turn   | Place    | Note
-------+----------+-------------------------------------------
     0 | D:5      | Alarkh the Demonspawn Delver began the quest for the Orb.
     0 | D:5      | Reached XP level 1. HP: 18/18 MP: 1/1
    27 | D:5      | Noticed a black bear
   105 | D:4      | Noticed an iguana
   112 | D:5      | Noticed an iguana
   266 | D:5      | Gained mutation: You are partially covered in rugged brown
                  | scales. (AC +1, +3% HP) [demonic ancestry]
   266 | D:5      | Reached XP level 2. HP: 18/24 MP: 2/2
   273 | D:5      | Noticed a howler monkey
   285 | D:4      | Killed by an exploding quokka... ignited by their inner
                  | flame

Illustrated notes

Levels and vault maps discovered:
D:4:      layout_loops_ring
D:5:      layout_basic, gammafunk_temple_overflow_pools, serial_shops,
          nicolae_stop_n_shop_1, kennysheep_doodads

Skill      XL: |  1 |
---------------+----+-----
Unarmed Combat | 2 |  2.6
Fighting       | |  3.0
Dodging        | |  1.7
Stealth        | |  4.5

Action                     || total
---------------------------++-------
  Melee: Unarmed           ||    21
  Evoke: Wand              ||     1
    Use: Potion            ||     2
         Scroll            ||     2
   Stab: Sleeping          ||     2
 Armour: Leather armour    ||     9
  Dodge: Dodged            ||    10
